 Dungeon Crawl Stone Soup version 0.29-a0-598-gd8304a5bf4 (webtiles) character file.

Game seed: 5972947008987342726

53806 dolemite99 the Fighter (level 14, -2/96 HPs)
             Began as a Tengu Berserker on June 16, 2022.
             Was an Elder of Trog.
             Slain by a hellwing (10 damage)
             ... summoned by an orc high priest
             ... on level 2 of the Orcish Mines.
             The game lasted 00:28:09 (23677 turns).

dolemite99 the Fighter (Tengu Berserker)           Turns: 23677, Time: 00:28:10

Health: -2/96      AC:  0    Str: 33    XL:     14   Next: 70%
Magic:  15/15      EV: 11    Int: 12    God:    Trog [****..]
Gold:   723        SH:  5    Dex: 14    Spells: 13/13 levels left

rFire   . . .      SeeInvis .   a - +10 whip of Adoymuro {drain, Str+6 Int+3}
rCold   . . .      Faith    .   F - +0 buckler
rNeg    . . .      Spirit   .   f - +2 plate armour {Will+}
rPois   +          Reflect  .   I - +2 hat
rElec   .          Harm     .   (no cloak)
rCorr   .          Rampage  .   (no gloves)
Will    ++++.                   (boots unavailable)
Stlth   ..........              O - amulet "Duhiadut" {Acrobat Str+4}
HPRegen 1.26/turn               D - ring of poison resistance
MPRegen 0.14/turn               c - ring "Piwex" {Int+2 Slay+4, =R}

@: strong-willed, corroded, on berserk cooldown, flying quickly and evasively,
regenerating, slowed, very slow
A: beak, talons 3, nimble flight
a: Renounce Religion, Berserk, Trog's Hand, Brothers in Arms


You were on level 2 of the Orcish Mines.
You worshipped Trog.
Trog was greatly pleased with you.
You visited 3 branches of the dungeon, and saw 19 of its levels.

You collected 1339 gold pieces.
You spent 616 gold pieces at shops.

Inventory:

Hand Weapons
 a - the +10 whip of Adoymuro (weapon) {drain, Str+6 Int+3}
   (You found it on level 3 of the Dungeon)

   A truly terrible weapon, it drains the life of any living foe it strikes.
   Str:       It affects your strength (+6).
   Int:       It affects your intelligence (+3).
 b - a +0 demon whip of venom
 v - a +0 vorpal hunting sling
 w - a +3 rapier of draining
 Q - a +0 morningstar
Missiles
 H - 37 poisoned darts (quivered)
 J - 2 curare-tipped darts
 S - 4 javelins
Armour
 f - a +2 plate armour of willpower (worn)
 F - a +0 buckler (worn)
 I - a +2 hat (worn)
Jewellery
 c - the ring "Piwex" (right hand) {Int+2 Slay+4, =R}
   (You found it on level 7 of the Dungeon)

   [ring of slaying]

   Int:       It affects your intelligence (+2).
   Slay:      It affects your accuracy & damage with ranged weapons and melee
   (+4).
 d - a ring of ice
 i - an amulet of reflection
 o - an amulet of faith
 z - a ring of protection from cold
 D - a ring of poison resistance (left hand)
 K - a ring of resist corrosion
 L - a ring of willpower
 N - an amulet of magic regeneration
 O - the amulet "Duhiadut" (around neck) {Acrobat Str+4}
   (You found it on level 2 of the Lair of Beasts)

   [amulet of the acrobat]

   It increases your evasion while moving and waiting.
   Str:       It affects your strength (+4).
 R - a +6 ring of strength
Wands
 s - a wand of charming (14)
 y - a wand of iceblast (12)
 A - a wand of flame (53)
 E - a wand of mindburst (6)
 U - a wand of polymorph (4)
 V - a wand of digging (9)
Scrolls
 e - 6 scrolls of fear
 n - 12 scrolls of teleportation
 q - 3 scrolls of vulnerability
 r - a scroll of magic mapping
 x - a scroll of torment
 G - 2 scrolls of fog
Potions
 g - 2 potions of flight
 h - 2 potions of resistance {unknown}
 j - 3 potions of magic
 k - 2 potions of lignification {unknown}
 l - 2 potions of berserk rage
 m - 4 potions of ambrosia {unknown}
 p - 6 potions of heal wounds {unknown}
 t - 4 potions of curing
 u - a potion of attraction {unknown}
 B - 2 potions of mutation
 C - 2 potions of brilliance
 P - a potion of haste
 T - a potion of invisibility {unknown}


   Skills:
 + Level 14.8 Fighting
 - Level 5.3(9.7) Axes
 - Level 12.5(13.0) Maces & Flails
 + Level 14.6 Armour
 - Level 2.1 Dodging
 - Level 4.0 Shields
 - Level 10.3 Evocations


You had 13 spell levels left.
You didn't know any spells.
Your spell library was empty.

Dungeon Overview and Level Annotations

Branches:
Dungeon (11/15)            Temple (0/1) D:4            Lair (6/6) D:8
 Shoals (0/4) Lair:2       Spider (0/4) Lair:4        Slime (0/5) Lair:5
    Orc (2/2) D:9             Elf (0/3) Orc:2

Altars:
Hepliaklqana
Kikubaaqudgha
Okawaru
Ru
Sif Muna
Trog
Vehumet
Yredelemnul
The Shining One

Shops:
D:2 :   D:5 *   D:8 :   D:11 (*([


Innate Abilities, Weirdness & Mutations

You have a beak for a mouth.
You have claws for feet.
Your magical nature lets you fly swiftly and evasively.


Message History

You block the hellwing's attack.
The orc high priest is engulfed in a cloud of scalding steam.
The orange demon stings you but does no damage.
You block the orange demon's attack.
You hit the hellwing but do no damage. You claw the hellwing.
The hellwing is lightly wounded.
Your skin stops crawling.
You feel less strong-willed. The rust devil hits you.
The rust devil corrodes you!
Your skin crawls.
You feel strong-willed. The orange demon stings you from afar.
The orange demon stings you from afar! You block the hellwing's attack.
The hellwing closely misses you. The smoke demon gestures at you.
Beogh smites you! You block the rust devil's attack.
The orange demon stings you but does no damage.
The hellwing closely misses you. You block the hellwing's attack.
The orange demon stings you from afar.
As you read the scroll of summoning, it crumbles to dust.
Wisps of shadow whirl around you... The rust devil hits you.
The rust devil corrodes you! The orange demon stings you from afar.
The orc priest calls down the wrath of Beogh upon you.
Beogh smites you!
* * * LOW HITPOINT WARNING * * *
The orange demon stings you from afar!
* * * LOW HITPOINT WARNING * * *
You block the hellwing's attack. The hellwing barely misses you.
The smoke demon barely misses you. The smoke demon hits you.
* * * LOW HITPOINT WARNING * * *
The smoke demon hits you.
* * * LOW HITPOINT WARNING * * *
You block the rust devil's attack.
You feel better. The orange demon stings you from afar!
* * * LOW HITPOINT WARNING * * *
You block the orange demon's attack. The smoke demon barely misses you.
The smoke demon hits you.
* * * LOW HITPOINT WARNING * * *
The smoke demon hits you.
* * * LOW HITPOINT WARNING * * *
The hellwing hits you!
You die...

##...........## ##.##.#........#
##.............##
##...#..#........#
####.#.#......#..#.##
##.#...$....#........#
##.....o.O............##
#...#44o3.oO....#.#....#
****##...ยงยง#4@4....##.....##
**,,,.....3o4))...o.........###
**,,,,.....oo4)................#
*,,,**####..o######.............
*,,**,.....oo,,,,,##....<.......
*,**,,.......,,,,,,##...........
*,*,,,...####*,,,,,,#...........
*,*,,,..,,*,*,,,,,,,#..$........
*,*,,,.,*,,,,,*,,,,,#.......$...


You could see 2 orc high priests, 2 orange demons, 2 hellwings, an ice devil
(summoned), a rust devil (summoned), 2 smoke demons, 2 orc warriors, an orc
priest, 2 orc wizards, a friendly orc warrior (summoned), 2 friendly ogres and 2
friendly orcs.

Vanquished Creatures
  Snorg (Orc:2)
  Erolcha (D:9)
  8 hydras
  3 catoblepae (Lair:6)
  A two-headed ogre (D:9)
  6 death yaks (Lair:6)
  An orc high priest (Orc:2)
  Amaemon (D:9)
  Nergalle (Lair:3)
  An orc sorcerer (Orc:2)
  An ugly thing (D:9)
  2 manticores (Lair:6)
  A torpor snail (Lair:5)
  7 black mambas
  15 elephants
  13 cane toads
  Maggie (D:8)
  Psyche (D:11)
  3 kobold demonologists
  An unseen horror (D:11)
  6 komodo dragons
  A rime drake (Lair:6)
  5 trolls
  A polar bear (Lair:6)
  18 blink frogs
  A snapping turtle (Lair:2)
  2 jumping spiders (Lair:4)
  4 wyverns
  2 shadows
  49 yaks
  Grum (D:11)
  4 basilisks
  3 vampire mosquitoes
  A warg (Orc:1)
  16 water moccasins
  8 orc warriors
  A swamp drake (D:9)
  An ice beast (D:7)
  A black bear (Lair:2)
  4 ogres
  16 wolves
  2 centaurs
  9 kobold brigands
  2 gnoll sergeants
  11 bullfrogs
  3 necrophages
  4 wights (D:8)
  20 killer bees
  2 electric eels (Lair:2)
  5 howler monkeys
  6 hounds
  20 orc priests
  A jelly (D:8)
  A gnoll shaman (D:5)
  7 iguanas
  Jessica (D:2)
  23 orc wizards
  7 hell rats (Lair:1)
  14 gnolls
  6 adders
  A river rat (D:4)
  A shadow imp (D:8)
  2 white imps (D:8)
  5 ufetubi
  3 worms
  4 dart slugs
  56 orcs
  7 ball pythons
  5 bats
  2 bat skeletons (D:9)
  5 bat zombies (D:9)
  8 endoplasms
  5 giant cockroaches
  9 goblins
  6 hobgoblins
  3 quokkas
  3 frilled lizards
  23 kobolds
  6 rats
  A spectral orc (D:3)
513 creatures vanquished.

Vanquished Creatures (collateral kills)
  An orange demon (D:9)
1 creature vanquished.

Vanquished Creatures (others)
  An orc (D:9)
  A kobold (D:11)
  16 fungi
  28 plants
46 creatures vanquished.

Grand Total: 560 creatures vanquished

Notes
Turn   | Place    | Note
-------+----------+-------------------------------------------
     0 | D:1      | dolemite99 the Tengu Berserker began the quest for the Orb.
     0 | D:1      | Reached XP level 1. HP: 14/14 MP: 2/2
   212 | D:1      | Reached XP level 2. HP: 19/19 MP: 3/3
   216 | D:1      | Found a faded altar of an unknown god.
   979 | D:1      | Reached XP level 3. HP: 23/23 MP: 4/4
  1534 | D:2      | Reached XP level 4. HP: 28/28 MP: 5/5
  1637 | D:2      | Reached skill level 5 in Axes
  1640 | D:2      | You fall into a shaft and drop 2 floors!
  2027 | D:2      | Found Xijedwav's Book Emporium.
  2088 | D:2      | Noticed Jessica
  2096 | D:2      | Killed Jessica
  2290 | D:3      | Identified the +10 whip of Adoymuro {drain, Str+6 Int+3}
  2379 | D:3      | Reached ** piety under Trog
  2380 | D:3      | Gained mutation: Your magical nature lets you fly swiftly
                  | and evasively. [Tengu growth]
  2380 | D:3      | Reached XP level 5. HP: 33/33 MP: 6/6
  2494 | D:3      | Reached skill level 1 in Maces & Flails
  3209 | D:3      | Found a basalt altar of Yredelemnul.
  3424 | D:4      | Reached XP level 6. HP: 32/38 MP: 7/7
  3605 | D:4      | Found a glowing golden altar of the Shining One.
  3759 | D:4      | Found a staircase to the Ecumenical Temple.
  3917 | D:4      | Reached skill level 5 in Maces & Flails
  4171 | D:4      | Reached *** piety under Trog
  4475 | D:4      | Reached XP level 7. HP: 42/42 MP: 8/8
  4656 | D:5      | Entered Level 5 of the Dungeon
  5030 | D:5      | Found a bloodstained altar of Trog.
  5031 | D:5      | Found an iron altar of Okawaru.
  5153 | D:5      | Found Nomi's General Store.
  5164 | D:5      | Bought a scroll of magic mapping for 42 gold pieces
  5164 | D:5      | Bought a wand of charming (5) for 84 gold pieces
  5260 | D:5      | Reached XP level 8. HP: 46/48 MP: 9/9
  6698 | D:7      | Reached **** piety under Trog
  6739 | D:7      | Identified the ring "Piwex" {Int+2 Slay+4}
  6786 | D:7      | Reached skill level 5 in Armour
  6869 | D:7      | Reached XP level 9. HP: 52/52 MP: 10/10
  6897 | D:7      | Found a hazy altar of Hepliaklqana.
  6979 | D:7      | Found a radiant altar of Vehumet.
  7619 | D:8      | Found Hiryat's Book Shop.
  7676 | D:8      | Noticed Maggie
  7689 | D:8      | Killed Maggie
  8455 | D:9      | Noticed a two-headed ogre
  8472 | D:9      | Killed a two-headed ogre
  8473 | D:9      | Reached XP level 10. HP: 6/56 MP: 11/11
  9079 | D:9      | Reached skill level 5 in Fighting
  9411 | D:9      | Found a sacrificial altar of Ru.
  9520 | D:9      | Noticed a kobold demonologist
  9538 | D:9      | Killed a kobold demonologist
  9681 | D:9      | Noticed Erolcha
  9707 | D:9      | Killed Erolcha
  9708 | D:9      | Reached XP level 11. HP: 54/71 MP: 12/12
  9859 | D:9      | Found an ancient bone altar of Kikubaaqudgha.
  9927 | D:9      | Noticed a purple ugly thing
  9937 | D:9      | Reached skill level 10 in Fighting
  9951 | D:9      | Killed a purple ugly thing
 10241 | D:9      | Noticed Amaemon
 10280 | D:9      | Killed Amaemon
 10582 | D:9      | Found a shimmering blue altar of Sif Muna.
 11092 | D:9      | Found a staircase to the Orcish Mines.
 11195 | D:10     | Entered Level 10 of the Dungeon
 11841 | D:10     | Reached skill level 10 in Maces & Flails
 12351 | D:11     | Noticed Grum
 12371 | D:11     | Noticed a six-headed hydra
 12392 | D:11     | Killed a six-headed hydra
 12405 | D:11     | Killed Grum
 12406 | D:11     | Reached XP level 12. HP: 64/82 MP: 13/13
 12831 | D:11     | Noticed Psyche
 12845 | D:11     | Killed Psyche
 13064 | D:11     | Found Zacytig's Weapon Emporium.
 13065 | D:11     | Found Vauxt's Armour Emporium.
 13066 | D:11     | Found Izemew's Weapon Emporium.
 13075 | D:11     | Found Zesup's Assorted Antiques.
 13098 | D:11     | Bought a +1 plate armour of willpower for 490 gold pieces
 13653 | D:8      | Found a staircase to the Lair.
 14110 | Lair:1   | Entered Level 1 of the Lair of Beasts
 15149 | Lair:1   | Noticed a seven-headed hydra
 15172 | Lair:1   | Killed a seven-headed hydra
 16152 | Lair:2   | Identified the +8 glaive of Zairumi {drain, MP+9 Int+3}
 16203 | Lair:2   | Noticed a seven-headed hydra
 16211 | Lair:2   | Killed a seven-headed hydra
 16215 | Lair:2   | Reached XP level 13. HP: 74/89 MP: 14/14
 16495 | Lair:2   | Identified the amulet "Duhiadut" {Acrobat Str+4}
 16604 | Lair:2   | Found a staircase to the Shoals.
 17216 | Lair:3   | Reached skill level 1 in Shields
 17740 | Lair:3   | Reached skill level 1 in Evocations
 17794 | Lair:3   | Noticed Nergalle
 17805 | Lair:3   | Killed Nergalle
 18729 | Lair:4   | Reached skill level 5 in Evocations
 18974 | Lair:4   | Found a hole to the Spider Nest.
 19853 | Lair:5   | Found a staircase to the Slime Pits.
 20779 | Lair:5   | Identified the +9 morningstar of the Viper {pain, Int+4}
 21170 | Lair:6   | Entered Level 6 of the Lair of Beasts
 21175 | Lair:6   | Reached XP level 14. HP: 95/95 MP: 15/15
 21360 | Lair:6   | Identified the +2 leather armour of Ashenzari's Hope {Int-5
                  | Dex+4 Slay+2 Stlth+}
 21492 | Lair:6   | Reached skill level 10 in Evocations
 23280 | Orc:1    | Entered Level 1 of the Orcish Mines
 23584 | Orc:2    | Entered Level 2 of the Orcish Mines
 23593 | Orc:2    | Noticed Snorg
 23604 | Orc:2    | Killed Snorg
 23677 | Orc:2    | Slain by a hellwing

Illustrated notes

Levels and vault maps discovered:
D:1:      scummos_arrival_simple_fountains, layout_basic,
          hellmonk_ecumenical_altar_heavens_door
D:2:      layout_basic, serial_shops, nicolae_shop_crystal, grunt_ministairs_2,
          uniq_jessica
D:3:      layout_basic, yredelemnul_forgotten_temple_becter,
          lightli_corner_chamber
D:4:      layout_basic, lemuel_doored_altar, minmay_temple_entry_hall,
          portal_sewer_entry_b
D:5:      layout_basic, grunt_temple_overflow_bloody_war, serial_shops, shop,
          small_statue_intersection, chequers_hall_statues_y
D:6:      layout_cave_pods
D:7:      layout_gridville, old_standard_altar, kennysheep_mini
D:8:      layout_basic, david_lair_shrubbed, serial_shops,
          nicolae_shop_statue_plus, uniq_maggie
D:9:      layout_long_grid, tgw_sif, mainiacjoe_overflow_tiny_flanked,
          kennysheep_vampire_church, erik_orc_1, special_room
          [special_room_kobold], minmay_shattered_shrine, uniq_erolcha,
          uniq_amaemon
D:10:     layout_loops_corners
D:11:     layout_rooms, minmay_shop_grid_forest, uniq_grum, uniq_psyche
Lair:1:   layout_chaotic_city, grunt_megastairs_1
Lair:2:   layout_gridlike, minmay_shoals_entry_hut, grunt_megastairs_5,
          lemuel_fruit_fields, infiniplex_staircase_pool, lemuel_fruit_tree,
          lemuel_fruit_fields
Lair:3:   layout_roguey, uniq_nergalle
Lair:4:   layout_cave_pods, spider_nest_entry_a, infiniplex_staircase_pool_2
Lair:5:   layout_loops_ring, slime_dummy
Lair:6:   evilmike_catoblepas_cave, layout_hall_layers
Orc:1:    layout_caves
Orc:2:    st_orc_mages, layout_caves, uniq_snorg, uniq_urug

Skill      XL: |  1  2  3  4  5  6  7  8  9 10 11 12 13 14 |
---------------+-------------------------------------------+-----
Axes           | 4 5 |  5.3
Maces & Flails | 3 5 8 9 10 12 | 12.5
Armour         | 5 11 13 14 | 14.6
Fighting       | 9 12 13 14 | 14.8
Shields        | 4 |  4.0
Evocations     | 8 10 | 10.3
Dodging        | |  2.1

Action                   |  1- 3 |  4- 6 |  7- 9 | 10-12 | 13-15 || total
-------------------------+-------+-------+-------+-------+-------++-------
Melee: Hand axe          |    65 |    28 |       |       |       ||    93
       Kick              |    16 |    13 |    53 |   190 |   183 ||   455
       Peck              |     7 |    14 |    34 |    97 |   117 ||   269
       Whip              |       |    88 |   225 |   284 |   474 ||  1071
       Punch             |       |       |     4 |       |       ||     4
       Demon whip        |       |       |       |   203 |       ||   203
Throw: Dart              |       |       |     9 |   131 |   139 ||   279
Invok: Berserk           |     6 |     2 |     4 |     8 |     7 ||    27
       Trog's Hand       |       |       |     6 |    12 |    14 ||    32
       Brothers in Arms  |       |       |       |     1 |       ||     1
Evoke: Wand              |       |       |       |    12 |    10 ||    22
  Use: Scroll            |       |     4 |     4 |     8 |     7 ||    23
       Potion            |       |       |     4 |     1 |     2 ||     7
 Stab: Sleeping          |     2 |       |       |       |       ||     2
       Petrified         |       |       |       |       |     8 ||     8
Armor: Animal skin       |    12 |       |       |       |       ||    12
       Ring mail         |    10 |    29 |       |       |       ||    39
       Plate armour      |       |     3 |   123 |   267 |   206 ||   599
Dodge: Dodged            |    38 |    55 |   100 |   179 |   171 ||   543
Block: Buckler           |       |       |    11 |    60 |    69 ||   140

Table legend: (Time is in decaauts)
 A = Elapsed time spent in this place.
 B = Non-inter-level travel time spent in this place.
 C = Inter-level travel time spent in this place.
 D = Time resting spent in this place.
 E = Time spent auto-exploring this place.
 F = Levels seen in this place.
 G = Mean time per level.
                   A        B        C        D        E       F      G
               +--------+--------+--------+--------+--------+-----+--------+
         Total |  22186 |  21109 |   1077 |   4636 |  12564 |  19 | 1167.7 |
       Dungeon |  13495 |  12823 |    672 |   2738 |   7756 |  11 | 1226.8 |
          Lair |   8339 |   7953 |    386 |   1897 |   4575 |   6 | 1389.8 |
  Orcish Mines |    351 |    334 |     17 |      0 |    233 |   2 |  175.5 |
               +--------+--------+--------+--------+--------+-----+--------+

Top non-repeatable levels by time:
     D:9: 2465 daAuts
  Lair:1: 1875 daAuts
     D:8: 1855 daAuts
  Lair:6: 1751 daAuts
  Lair:5: 1309 daAuts
     D:4: 1307 daAuts
     D:1: 1307 daAuts
    D:10: 1290 daAuts
  Lair:2: 1174 daAuts
  Lair:3: 1148 daAuts
  Lair:4: 1079 daAuts
     D:6: 1045 daAuts
     D:3: 970 daAuts
     D:2: 968 daAuts
     D:5: 830 daAuts
